[Event "*** Titled Tuesday Blitz"]
[Site "Chess.com"]
[Date "2020.04.14"]
[Round "2"]
[White "IlzeBerzina"]
[Black "milovanratkovic"]
[Result "0-1"]
[WhiteElo "2231"]
[BlackElo "2490"]
[TimeControl "180+1"]
[EndTime "10:12:27 PDT"]
[Termination "milovanratkovic won by checkmate"]

1. e4 c6 2. Nc3 d5 3. Nf3 dxe4 4. Nxe4 Nf6 5. Nxf6+ exf6 6. d4 Bd6 7. Bd3 O-O 8.
O-O Re8 9. c4 Nd7 10. Be3 Nf8 11. Re1 Ng6 12. Qc2 Bg4 13. Be2 Qd7 14. Rad1 Bh3 15. gxh3 Qxh3 16. d5 Nh4 17. Nxh4 Qxh2+ 18. Kf1 Qh1# 0-1

[Event "*** Titled Tuesday Blitz"]
[Site "Chess.com"]
[Date "2020.04.14"]
[Round "2"]
[White "yawnpawn"]
[Black "aa175"]
[Result "0-1"]
[WhiteElo "1746"]
[BlackElo "2362"]
[TimeControl "180+1"]
[EndTime "10:12:36 PDT"]
[Termination "aa175 won by resignation"]

1. e4 c5 2. Nf3 d6 3. Bb5+ Nd7 4.
O-O a6 5. Bd3 Ngf6 6. c3 e6 7. Re1 b5 8. Bc2 c4 9. a4 Bb7 10. b3 cxb3 11. Bd3 bxa4 12. Rxa4 Nc5 13. Rd4 Nxd3 14. Rxd3 Bxe4 15. Rxe4 Nxe4 16. Qxb3 Nc5 17. Qc4 Nxd3 18. Qxd3 Be7 19. Na3 O-O 20. Nc4 d5 21. Nce5 Bd6 22. Ng4 a5 23. c4 dxc4 24. Qxc4 Rc8 0-1

[Event "*** Titled Tuesday Blitz"]
[Site "Chess.com"]
[Date "2020.04.14"]
[Round "2"]
[White "fmshawnrl123"]
[Black "realmadridtv"]
[Result "1-0"]
[WhiteElo "2778"]
[BlackElo "2501"]
[TimeControl "180+1"]
[EndTime "10:12:43 PDT"]
[Termination "fmshawnrl123 won by resignation"]

1. c4 Nf6 2. Nc3 g6 3. e4 d6 4.
g3 Bg7 5. Bg2 c5 6. Nge2 O-O 7.
O-O Nc6 8. d3 Ne8 9. Be3 Nc7 10.
d4 cxd4 11. Nxd4 Nxd4 12. Bxd4 e5 13. Be3 Be6 14. Qe2 a6 15. Rfd1 Qe7 16. Rac1 Rfd8 17.
b3 Rac8 18. Bb6 Bd7 19. Bxc7 Rxc7 20. Nd5 1-0

[Event "*** Titled Tuesday Blitz"]
[Site "Chess.com"]
[Date "2020.04.14"]
[Round "2"]
[White "bmt011"]
[Black "BasilSmash"]
[Result "0-1"]
[WhiteElo "1981"]
[BlackElo "2378"]
[TimeControl "180+1"]
[EndTime "10:12:49 PDT"]
[Termination "BasilSmash won by resignation"]

1. d4 d5 2. Bf4 c5 3. e3 Nc6 4. Nf3 Nf6 5. Nbd2 Qb6 6. dxc5 Qxb2 7. Rb1 Qc3 8. Bb5 g6 9. O-O Bg7 10. Nb3 O-O 11. Be5 Nxe5 0-1

[Event "*** Titled Tuesday Blitz"]
[Site "Chess.com"]
[Date "2020.04.14"]
[Round "2"]
[White "Ziyamammadov"]
[Black "karwowskikacper"]
[Result "1-0"]
[WhiteElo "1789"]
[BlackElo "2349"]
[TimeControl "180+1"]
[EndTime "10:13:01 PDT"]
[Termination "Ziyamammadov won by checkmate"]

1. e4 c5 2. Nf3 e6 3. d4 cxd4 4.
Nxd4 Nc6 5. Nc3 a6 6. Be3 Qc7 7. f3 Nf6 8. Qd2 Bb4 9. a3 Bxc3 10. Qxc3 d5 11. Nxc6 Qxc6 12. Qxc6+ bxc6 13. e5 Nd7 14. f4 c5 15. c3 Rb8 16. b4 a5 17. bxc5 Bb7 18. Bb5 Ke7 19. c6 Ba8 20. Ba4 Nb6 21.
c7 Rb7 22. Bc5# 1-0

[Event "*** Titled Tuesday Blitz"]
[Site "Chess.com"]
[Date "2020.04.14"]
[Round "2"]
[White "TastyTablet"]
[Black "K_A_S_T_O_R"]
[Result "0-1"]
[WhiteElo "2572"]
[BlackElo "2836"]
[TimeControl "180+1"]
[EndTime "10:13:03 PDT"]
[Termination "K_A_S_T_O_R won by resignation"]

1. e4 c5 2. Nf3 d6 3. d4 cxd4 4.
Nxd4 Nf6 5. Nc3 a6 6. f3 e6 7. Be3 b5 8. Qd2 Nbd7 9. g4 h6 10. O-O-O Bb7 11. h4 b4 12. Na4 d5 13. exd5 Nxd5 14.
Bg2 Qa5 15. b3 Nc5 16. Nxe6 fxe6 17. Bxc5 Bxc5 18. Rhe1 O-O-O 19. Re5 Bd6 20. Rh5 g5 0-1

[Event "*** Titled Tuesday Blitz"]
[Site "Chess.com"]
[Date "2020.04.14"]
[Round "2"]
[White "BillieKimbah"]
[Black "TudorAnton"]
[Result "1-0"]
[WhiteElo "2833"]
[BlackElo "2571"]
[TimeControl "180+1"]
[EndTime "10:13:03 PDT"]
[Termination "BillieKimbah won by resignation"]

1. c4 Nf6 2. Nc3 e6 3. Nf3 c5 4.
e3 d5 5. d4 Nc6 6. cxd5 exd5 7.
Bb5 cxd4 8. Nxd4 Bd7 9. O-O Be7 10. b3 O-O 11. Bb2 Rc8 12. Rc1 a6 13. Be2 Re8 14. Bf3 Be6 15. Nxc6 bxc6 16. Qd3 Nd7 17. Na4 a5 18.
Rfd1 Bf8 19. Qa6 c5 20. Bxd5 Nb8 21. Qc4 1-0

[Event "*** Titled Tuesday Blitz"]
[Site "Chess.com"]
[Date "2020.04.14"]
[Round "2"]
[White "vladimirdamjanovic"]
[Black "albano87"]
[Result "1-0"]
[WhiteElo "2540"]
[BlackElo "2163"]
[TimeControl "180+1"]
[EndTime "10:13:04 PDT"]
[Termination "vladimirdamjanovic won by resignation"]

1. d4 d5 2. c4 e6 3. Nc3 Nf6 4.
cxd5 exd5 5. Bg5 Be7 6. e3 Nbd7 7. Bd3 O-O 8. Nge2 b6 9. Qc2 Bb7 10. h4 c5 11. O-O-O Rc8 12. g4 Ne4 13. Bxe4 dxe4 14. Bxe7 Qxe7 15. d5 c4 16. Qxe4 Ne5 17. d6 Nd3+ 18.
Qxd3 cxd3 19. dxe7 dxe2 20. exf8=Q+ Kxf8 21. Rde1 Bf3 22. Rhg1 b5 23. Rg3 1-0

[Event "*** Titled Tuesday Blitz"]
[Site "Chess.com"]
[Date "2020.04.14"]
[Round "2"]
[White "Egorov_Pavel"]
[Black "hongnhung1234"]
[Result "1-0"]
[WhiteElo "2414"]
[BlackElo "2140"]
[TimeControl "180+1"]
[EndTime "10:13:07 PDT"]
[Termination "Egorov_Pavel won by checkmate"]

1. d4 f5 2. c4 Nf6 3. Nc3 g6 4.
h4 Bg7 5. h5 Nxh5 6. e4 O-O 7.
exf5 d6 8. fxg6 hxg6 9. Bd3 Bxd4 10. Nf3 Bxf2+ 11. Kxf2 Nc6 12. Bxg6 Ng7 13. Rh8+ Kxh8 14. Qh1+ Nh5 15. Qxh5+ Kg7 16. Qh6+ Kf6 17. Nd5+ Ke6 18. Qh3+ Rf5 19. Qxf5# 1-0

[Event "*** Titled Tuesday Blitz"]
[Site "Chess.com"]
[Date "2020.04.14"]
[Round "2"]
[White "Irishchessman16"]
[Black "Alexander_Moskalenko"]
[Result "0-1"]
[WhiteElo "2355"]
[BlackElo "2951"]
[TimeControl "180+1"]
[EndTime "10:13:18 PDT"]
[Termination "Alexander_Moskalenko won by resignation"]

1. e4 c5 2. Nf3 Nc6 3. Nc3 e6 4. d4 cxd4 5. Nxd4 Qc7 6. Be3 a6 7. Nxc6 bxc6 8. Bd3 Rb8 9. Na4 c5 10. c4 Nf6 11. O-O Bb7 12. Qc2 Ng4 13. g3 Nxe3 14. fxe3 Bd6 15. Nc3 h5 16. Qf2 f6 17. e5 Bxe5 18. Bg6+ Ke7 19. Rad1 h4 20. Ne2 hxg3 21.
Nxg3 Bxg3 22. Qxg3 Qxg3+ 23. hxg3 Rh1+ 24. Kf2 Rh2+ 25. Ke1 Rxb2 26. Rf2 Bc6 27. Rdd2 Rxd2 28. Rxd2 f5 29. g4 0-1

[Event "*** Titled Tuesday Blitz"]
[Site "Chess.com"]
[Date "2020.04.14"]
[Round "2"]
[White "erlesfar"]
[Black "hermionegrangermagic"]
[Result "1-0"]
[WhiteElo "2274"]
[BlackElo "2484"]
[TimeControl "180+1"]
[EndTime "10:13:18 PDT"]
[Termination "erlesfar won by resignation"]

1. e4 c6 2. d4 d5 3. Nc3 dxe4 4. Nxe4 Nf6 5. Nxf6+ exf6 6. c3 Bd6 7. Bd3 O-O 8.
Qc2 g6 9. Ne2 Re8 10. h4 Bg4 11. f3 Be6 12. h5 f5 13. Bh6 Nd7 14. O-O-O Qa5 15. b3 c5 16. hxg6 fxg6 17. g4 cxd4 18. gxf5 Bxf5 19. Bxf5 Qxf5 20. Qxf5 gxf5 21. Rhg1+ Kf7 22.
Rg7+ 1-0

[Event "*** Titled Tuesday Blitz"]
[Site "Chess.com"]
[Date "2020.04.14"]
[Round "2"]
[White "11kevin"]
[Black "zacachess"]
[Result "1-0"]
[WhiteElo "2550"]
[BlackElo "2294"]
[TimeControl "180+1"]
[EndTime "10:13:21 PDT"]
[Termination "11kevin won by resignation"]

1. d4 Nf6 2. c4 g6 3. g3 Bg7 4.
Bg2 d6 5. Nc3 O-O 6. Nf3 Nbd7 7.
O-O e5 8. e4 c6 9. Re1 Re8 10.
h3 Qb6 11. d5 cxd5 12. cxd5 Nc5 13. Nd2 Bd7 14. Nc4 Bc8 15. Nxb6 axb6 16. Nb5 1-0

[Event "*** Titled Tuesday Blitz"]
[Site "Chess.com"]
[Date "2020.04.14"]
[Round "2"]
[White "KarstenHansch"]
[Black "Cuchulin"]
[Result "1-0"]
[WhiteElo "2406"]
[BlackElo "2119"]
[TimeControl "180+1"]
[EndTime "10:13:31 PDT"]
[Termination "KarstenHansch won by checkmate"]

1. e4 c5 2. Nf3 Nc6 3. Bb5 g6 4.
O-O Bg7 5. Re1 Nf6 6. e5 Nd5 7. Nc3 Nxc3 8. dxc3 O-O 9. Qd5 a6 10. Bxc6 dxc6 11. Qxc5 Re8 12. Bg5 Qc7 13. Nd4 Bf5 14. Nxf5 gxf5 15. e6 f6 16. Bh4 f4 17. Rad1 Rad8 18. h3 Rxd1 19. Rxd1 Rd8 20. Rxd8+ Qxd8 21. Qd4 Qe8 22. Qxf4 Qg6 23. Qd2 Qe4 24. Qd7 Qxh4 25. Qe8+ Bf8 26. Qf7+ Kh8 27. Qxf8# 1-0

[Event "*** Titled Tuesday Blitz"]
[Site "Chess.com"]
[Date "2020.04.14"]
[Round "2"]
[White "przemekpiotrowski"]
[Black "DucksParadise"]
[Result "1-0"]
[WhiteElo "2400"]
[BlackElo "2099"]
[TimeControl "180+1"]
[EndTime "10:13:34 PDT"]
[Termination "przemekpiotrowski won by resignation"]

1. e4 e6 2. d3 d5 3. Nd2 c5 4. Ngf3 Nc6 5. g3 Bd6 6. Bg2 Nge7 7. O-O O-O 8. Re1 Qc7 9. Qe2 f6 10. c3 Bd7 11. d4 cxd4 12. cxd4 dxe4 13. Nxe4 Nd5 14. Nxd6 Qxd6 15. b3 Rac8 16. Bb2 Ncb4 17. Nd2 Nc3 18. Bxc3 Rxc3 19. Ne4 1-0

[Event "*** Titled Tuesday Blitz"]
[Site "Chess.com"]
[Date "2020.04.14"]
[Round "2"]
[White "mshuaau0"]
[Black "stoleriu"]
[Result "0-1"]
[WhiteElo "2210"]
[BlackElo "2473"]
[TimeControl "180+1"]
[EndTime "10:13:37 PDT"]
[Termination "stoleriu won by resignation"]

1. e4 e6 2. d4 d5 3. Nd2 Be7 4. Ngf3 Nf6 5. Bd3 c5 6. exd5 Qxd5 7. Bc4 Qd8 8. dxc5 Bxc5 9. O-O O-O 10. Nb3 Be7 11. Qxd8 Rxd8 12. Bg5 Nc6 13. Rfd1 Bd7 14. c3 Rac8 15. Be2 h6 16. Bxf6 Bxf6 17. Nc5 Rc7 18.
Nxd7 Rcxd7 19. Rxd7 Rxd7 20. Rd1 Rxd1+ 21. Bxd1 Kf8 22.
Kf1 Ke7 23. Ke2 Kd6 24. Kd3 g5 25. h3 Bg7 26. b4 f5 27. Bb3 e5 28. a4 e4+ 0-1

[Event "*** Titled Tuesday Blitz"]
[Site "Chess.com"]
[Date "2020.04.14"]
[Round "2"]
[White "ChessNinja48"]
[Black "Phriex"]
[Result "0-1"]
[WhiteElo "2171"]
[BlackElo "2442"]
[TimeControl "180+1"]
[EndTime "10:13:49 PDT"]
[Termination "Phriex won by resignation"]

1. d4 d5 2. c4 e6 3. Nf3 Nf6 4. Nc3 Be7 5. Bf4 O-O 6. e3 Nbd7 7. h3 c5 8. cxd5 Nxd5 9. Nxd5 exd5 10. Be2 Qa5+ 11. Qd2 Qxd2+ 12. Kxd2 cxd4 13. Nxd4 Bb4+ 14. Kc2 Nf6 15. a3 Bc5 16. Rhd1 Be6 17. b4 Bb6 18. f3 a5 19. Be5 Nd7 20. Bd6 Rfc8+ 21. Kb2 Bxd4+ 22. exd4 Rc6 23. Bf4 Bf5 24. Rdc1 axb4 25. axb4 Rxa1 26. Rxc6 Rb1+ 0-1

[Event "*** Titled Tuesday Blitz"]
[Site "Chess.com"]
[Date "2020.04.14"]
[Round "2"]
[White "Belgrade"]
[Black "zmeeed67"]
[Result "1/2-1/2"]
[WhiteElo "2079"]
[BlackElo "2375"]
[TimeControl "180+1"]
[EndTime "10:13:50 PDT"]
[Termination "Game drawn by repetition"]

1. e4 Nf6 2. e5 Nd5 3. d4 d6 4.
Nf3 dxe5 5. Nxe5 Nd7 6. Nxd7 Bxd7 7. Be2 Bf5 8. c4 Nf6 9. Nc3 c6 10. O-O e6 11. Be3 Be7 12. Qb3 Qb6 13. Qxb6 axb6 14.
Rfd1 O-O 15. b3 Nd7 16. Bd3 Bxd3 17. Rxd3 Bf6 18. Ne4 Be7 19. Nc3 Bf6 20. Ne4 Be7 21. Nc3 1/2-1/2

[Event "*** Titled Tuesday Blitz"]
[Site "Chess.com"]
[Date "2020.04.14"]
[Round "2"]
[White "eCztery"]
[Black "BronceYSueno"]
[Result "1-0"]
[WhiteElo "2379"]
[BlackElo "1929"]
[TimeControl "180+1"]
[EndTime "10:13:51 PDT"]
[Termination "eCztery won by resignation"]

1. e4 c5 2. b3 e5 3. Bb2 d6 4.
c3 Nc6 5. Ne2 g6 6. d4 exd4 7.
cxd4 Bg7 8. Bc3 cxd4 9. Nxd4 Nxd4 10. Bxd4 Qa5+ 11. Nc3 Nf6 12. Bb5+ Bd7 13. Bxd7+ Kxd7 14. O-O Rhe8 15. e5 Nd5 16. Nxd5 Qxd5 17. e6+ Qxe6 18. Bxg7 f6 19. Qd4 1-0

[Event "*** Titled Tuesday Blitz"]
[Site "Chess.com"]
[Date "2020.04.14"]
[Round "2"]
[White "Zhani-Z"]
[Black "Sjakkerntobi"]
[Result "1-0"]
[WhiteElo "2509"]
[BlackElo "2259"]
[TimeControl "180+1"]
[EndTime "10:13:52 PDT"]
[Termination "Zhani-Z won by checkmate"]

1. e4 e6 2. d4 d5 3. Nd2 Nf6 4. e5 Nfd7 5. f4 c5 6. c3 Nc6 7. Ndf3 f6 8. Bd3 f5 9. Ne2 Be7 10. O-O O-O 11. Be3 Kh8 12. a3 Rg8 13. b4 c4 14. Bc2 Nf8 15. Kh1 Bd7 16. Rg1 Be8 17. Qf1 Bh5 18. h3 h6 19. g4 fxg4 20. hxg4 Bg6 21. Bxg6 Nxg6 22. f5 Nf8 23. Qh3 Nh7 24.
Nf4 exf5 25. Ng6# 1-0

[Event "*** Titled Tuesday Blitz"]
[Site "Chess.com"]
[Date "2020.04.14"]
[Round "2"]
[White "Dr-Bassem"]
[Black "Joshukid"]
[Result "1-0"]
[WhiteElo "2841"]
[BlackElo "2574"]
[TimeControl "180+1"]
[EndTime "10:13:58 PDT"]
[Termination "Dr-Bassem won by resignation"]

1. e4 c6 2. d4 d5 3. exd5 cxd5 4.
c4 Nf6 5. Nc3 Nc6 6. Bg5 dxc4 7.
Bxc4 h6 8. Be3 e6 9. Nf3 Be7 10. O-O O-O 11. Qd2 b6 12. Bd3 Bb7 13. Rad1 Bd6 14.
Bxh6 gxh6 15. Qxh6 Nb4 16. Ng5 Bf4 17. Bh7+ Kh8 18.
Be4+ 1-0

[Event "*** Titled Tuesday Blitz"]
[Site "Chess.com"]
[Date "2020.04.14"]
[Round "2"]
[White "JustWatch000"]
[Black "Rap_woyska"]
[Result "1-0"]
[WhiteElo "2622"]
[BlackElo "2305"]
[TimeControl "180+1"]
[EndTime "10:13:59 PDT"]
[Termination "JustWatch000 won by resignation"]

1. Nf3 d5 2. d4 Nf6 3. c4 c6 4.
Nc3 dxc4 5. a4 Bf5 6. e3 e6 7.
Bxc4 Bb4 8. O-O O-O 9. Qe2 Bg6 10. Ne5 Nbd7 11. Nxg6 hxg6 12. Rd1 a5 13. e4 e5 14. dxe5 Nxe5 15. Rxd8 Rfxd8 16. Bf4 Nxc4 17. Qxc4 Rd7 18. e5 Nh5 19. Be3 Re8 20. f4 Re6 21. Ne4 Rd5 22. g4 1-0

[Event "*** Titled Tuesday Blitz"]
[Site "Chess.com"]
[Date "2020.04.14"]
[Round "2"]
[White "Apocalyps999"]
[Black "Noukii"]
[Result "0-1"]
[WhiteElo "2481"]
[BlackElo "2713"]
[TimeControl "180+1"]
[EndTime "10:14:00 PDT"]
[Termination "Noukii won by resignation"]

1. e4 Nf6 2. e5 Nd5 3. c4 Nb6 4. c5 Nd5 5. Bc4 e6 6. Nc3 Nxc3 7.
dxc3 Nc6 8. Bf4 Qh4 9. g3 Qe7 10. b4 g5 11. Be3 Nxe5 12. Qd4 Bg7 13. Kf1 O-O 14. Be2 b6 15. Qd2 Bb7 16. f3 g4 17.
Kf2 gxf3 18. Nxf3 Qf6 19. Bf4 Nxf3 20. Bxf3 Bxf3 21. Kxf3 e5 22. Rhg1 exf4 23. gxf4 Kh8 0-1

[Event "*** Titled Tuesday Blitz"]
[Site "Chess.com"]
[Date "2020.04.14"]
[Round "2"]
[White "guillembaches"]
[Black "RD4ever"]
[Result "0-1"]
[WhiteElo "2452"]
[BlackElo "2860"]
[TimeControl "180+1"]
[EndTime "10:14:00 PDT"]
[Termination "RD4ever won by resignation"]

1. e4 e6 2. Nf3 d5 3. exd5 exd5 4. d4 Nc6 5. Bb5 Bd6 6. c4 dxc4 7. d5 a6 8. Ba4 b5 9. dxc6 bxa4 10. O-O Ne7 11. Qxa4 O-O 12. Nbd2 Rb8 13. a3 Be6 14. Nxc4 Bd5 15. Nd4 Bc5 16. Be3 Bxd4 17. Bxd4 Bxg2 18. Kxg2 Qxd4 19. Rad1 Qg4+ 20. Kh1 Qf3+ 21. Kg1 Rb5 22. h4 Qg4+ 0-1

[Event "*** Titled Tuesday Blitz"]
[Site "Chess.com"]
[Date "2020.04.14"]
[Round "2"]
[White "AlessiaSanteramo"]
[Black "MosheFriedland"]
[Result "0-1"]
[WhiteElo "2051"]
[BlackElo "2421"]
[TimeControl "180+1"]
[EndTime "10:14:03 PDT"]
[Termination "MosheFriedland won by resignation"]

1. e4 c5 2. Nf3 d6 3. Bb5+ Bd7 4. Bxd7+ Nxd7 5. c4 Ngf6 6. Nc3 g6 7. d4 cxd4 8.
Nxd4 Rc8 9. b3 a6 10. Bb2 Bg7 11. O-O O-O 12. f3 e6 13. Kh1 Re8 14. Qd2 Nh5 15.
Qf2 Nf4 16. Nce2 Nd3 17. Qg3 Nxb2 18. Qxd6 Nc5 19. Qxd8 Rexd8 0-1

[Event "*** Titled Tuesday Blitz"]
[Site "Chess.com"]
[Date "2020.04.14"]
[Round "2"]
[White "exoticprincess"]
[Black "tandaleo"]
[Result "1-0"]
[WhiteElo "2770"]
[BlackElo "2338"]
[TimeControl "180+1"]
[EndTime "10:14:08 PDT"]
[Termination "exoticprincess won by resignation"]

1. d4 d5 2. c4 e6 3. Nc3 c6 4. cxd5 exd5 5. Bf4 Bd6 6. g3 Nf6 7. e3 O-O 8. Bd3 Re8 9. Qc2 Bxf4 10. gxf4 Bg4 11. h3 Bh5 12. Nge2 Bg6 13. f5 Bh5 14.
Rg1 Nbd7 15. O-O-O Bf3 16. Rg3 Be4 17. Rdg1 g6 18.
fxg6 hxg6 19. Nf4 Nf8 20. h4 Bxd3 21. Qxd3 N6h7 22. Nxg6 fxg6 23. Rxg6+ Kf7 24. Qf5+ 1-0

[Event "*** Titled Tuesday Blitz"]
[Site "Chess.com"]
[Date "2020.04.14"]
[Round "2"]
[White "FearNoEvil12"]
[Black "Oligan22"]
[Result "0-1"]
[WhiteElo "2049"]
[BlackElo "2383"]
[TimeControl "180+1"]
[EndTime "10:14:08 PDT"]
[Termination "Oligan22 won by resignation"]

1. e4 c6 2. d4 d5 3. Nc3 dxe4 4.
Nxe4 Nf6 5. Ng3 h5 6. Bc4 h4 7.
N3e2 b5 8. Bb3 e5 9. c3 Bg4 10. h3 Bh5 11. Be3 Nbd7 12. Qc2 Bg6 13. Qd1 Bd6 14.
Nf3 a5 15. Bc2 e4 16. Nd2 Qe7 17. Nf4 Bxf4 18. Bxf4 Nd5 19. Be3 f5 20. g3 hxg3 21. Qe2 f4 22. Qg4 Bh5 0-1

[Event "*** Titled Tuesday Blitz"]
[Site "Chess.com"]
[Date "2020.04.14"]
[Round "2"]
[White "goldenspine"]
[Black "praveenb2002"]
[Result "0-1"]
[WhiteElo "2306"]
[BlackElo "2658"]
[TimeControl "180+1"]
[EndTime "10:14:10 PDT"]
[Termination "praveenb2002 won by resignation"]

1. d4 Nf6 2. c4 e6 3. Nc3 Bb4 4. Qc2 d5 5. Bg5 dxc4 6. e3 b5 7. Nf3 O-O 8. a4 c6 9. axb5 cxb5 10. Bxf6 gxf6 11. Qe4 Qd5 12. Qxd5 exd5 13. Nd2 Bxc3 14. bxc3 a5 15. e4 dxe4 16. O-O-O f5 17. g4 Re8 18. gxf5 Bxf5 19. Rg1+ Bg6 20. Bh3 Kf8 21. Rde1 Ra7 22. Rg5 Rb7 23. Rc5 Rb6 24. Bg4 Na6 25. Re5 Rxe5 26.
dxe5 Nc5 27. Kc2 e3+ 0-1

[Event "*** Titled Tuesday Blitz"]
[Site "Chess.com"]
[Date "2020.04.14"]
[Round "2"]
[White "Gareth-Bale11"]
[Black "esskeettit"]
[Result "1-0"]
[WhiteElo "2807"]
[BlackElo "2346"]
[TimeControl "180+1"]
[EndTime "10:14:15 PDT"]
[Termination "Gareth-Bale11 won by resignation"]

1. d4 Nf6 2. Nf3 e6 3. c4 d5 4.
Nc3 Bb4 5. Qa4+ Nc6 6. Bg5 h6 7. Bxf6 Qxf6 8. e3 Bd7 9. Qc2 O-O 10. Rc1 Rfe8 11. a3 Bxc3+ 12. Qxc3 dxc4 13. Bxc4 e5 14. d5 Nd8 15. O-O c6 16. Rfd1 cxd5 17. Bxd5 Bc6 18. Qb3 Rb8 19. Bxc6 Nxc6 20. Rd7 e4 21. Nd2 b6 22. Rxc6 1-0

[Event "*** Titled Tuesday Blitz"]
[Site "Chess.com"]
[Date "2020.04.14"]
[Round "2"]
[White "Jojo_1608"]
[Black "Arencibia"]
[Result "0-1"]
[WhiteElo "2234"]
[BlackElo "2486"]
[TimeControl "180+1"]
[EndTime "10:14:15 PDT"]
[Termination "Arencibia won by resignation"]

1. d4 Nf6 2. c4 e6 3. Nc3 Bb4 4. e3 c5 5. Ne2 cxd4 6. exd4 O-O 7. a3 Be7 8. Bf4 d5 9. c5 b6 10. b4 a5 11. Rb1 axb4 12. axb4 bxc5 13. bxc5 Nc6 14.
Nb5 Ne4 15. Bc7 Qd7 16. Ng3 Ba6 17. Bb6 Bxb5 18. Bxb5 Nc3 19. Qd3 Nxb1 20. Qxb1 Qb7 21. O-O Nxd4 22. Rd1 Nxb5 23. Qxb5 Rfc8 24. Nh5 Bxc5 25.
Qb2 d4 0-1

[Event "*** Titled Tuesday Blitz"]
[Site "Chess.com"]
[Date "2020.04.14"]
[Round "2"]
[White "KafkaesqueKnight"]
[Black "gmkomarov"]
[Result "1-0"]
[WhiteElo "2142"]
[BlackElo "2393"]
[TimeControl "180+1"]
[EndTime "10:14:15 PDT"]
[Termination "KafkaesqueKnight won by resignation"]

1. d4 Nf6 2. c4 e6 3. Nf3 b6 4. g3 Bb4+ 5. Nbd2 Bb7 6. Bg2 O-O 7. O-O d5 8. Ne5 Be7 9. b3 c5 10. Bb2 Nc6 11. cxd5 Nxd5 12. Nxc6 Bxc6 13. Nc4 cxd4 14.
Bxd4 Bb7 15. Bb2 Rc8 16. e4 Nf6 17. Qe2 b5 18. Rfd1 Qc7 19. Be5 Qc6 20. Na5 Qa6 21. Nxb7 Qxb7 22. Bxf6 gxf6 23. e5 Qb6 24. Rd7 Rc7 25.
Rxe7 Rxe7 26. Qg4+ Kh8 27. exf6 1-0

[Event "*** Titled Tuesday Blitz"]
[Site "Chess.com"]
[Date "2020.04.14"]
[Round "2"]
[White "iLuusions"]
[Black "CakeinSpace2002"]
[Result "1-0"]
[WhiteElo "2573"]
[BlackElo "2201"]
[TimeControl "180+1"]
[EndTime "10:14:17 PDT"]
[Termination "iLuusions won by resignation"]

1. d4 Nf6 2. c4 g6 3. Nc3 Bg7 4. e4 d6 5. h3 O-O 6. Bg5 c5 7. d5 b5 8. cxb5 a6 9. a4 axb5 10. Bxb5 Ba6 11. Qc2 Nxe4 12. Qxe4 Bxb5 13. Nxb5 Qa5+ 14.
Ke2 Nd7 15. Nf3 Nf6 16. Qc4 e6 17. dxe6 Rfe8 18. Rhe1 Rxe6+ 19. Kf1 Rae8 20. Bd2 Qb6 21. Rxe6 fxe6 22. a5 Qc6 23. a6 Qd5 24. Qxd5 1-0

[Event "*** Titled Tuesday Blitz"]
[Site "Chess.com"]
[Date "2020.04.14"]
[Round "2"]
[White "Matveev_Vladimir"]
[Black "picturesquecheck"]
[Result "0-1"]
[WhiteElo "2447"]
[BlackElo "2214"]
[TimeControl "180+1"]
[EndTime "10:14:18 PDT"]
[Termination "picturesquecheck won by resignation"]

1. d4 Nf6 2. c4 e6 3. Nf3 d5 4. g3 Bb4+ 5. Bd2 Be7 6. Qc2 O-O 7.
Bg2 c6 8. O-O b6 9. a4 Nbd7 10.
a5 Ba6 11. b3 c5 12. Na3 Rc8 13. axb6 axb6 14. Qb2 cxd4 15. Nxd4 dxc4 16. Nxc4 Bxc4 17. bxc4 Ne5 18. Ra7 Nxc4 19. Qc3 Nxd2 20. Qxd2 Bc5 21. e3 e5 22. Nb3 Qxd2 23. Nxd2 Rfd8 24. Nf3 e4 25.
Ng5 Re8 26. Nxf7 b5 27. h3 Bxa7 0-1

[Event "*** Titled Tuesday Blitz"]
[Site "Chess.com"]
[Date "2020.04.14"]
[Round "2"]
[White "Schandenfreude"]
[Black "Anton_Demchenko"]
[Result "0-1"]
[WhiteElo "2496"]
[BlackElo "2935"]
[TimeControl "180+1"]
[EndTime "10:14:20 PDT"]
[Termination "Anton_Demchenko won by resignation"]

1. Nf3 Nf6 2. g3 g6 3. b3 Bg7 4. Bb2 O-O 5. Bg2 d6 6. d4 b5 7. Ne5 dxe5 8. Bxa8 c6 9. dxe5 Nd5 10. c4 bxc4 11.
bxc4 Nb6 12. O-O Nxa8 13. Nd2 Bh3 14. Re1 Nb6 15. Rc1 Qc7 16. f4 Rd8 17. Qc2 c5 18. Nf3 Nc6 19. Rcd1 Rb8 20. Bc3 Nxc4 21. Qe4 Nb6 22.
Rb1 Bf5 0-1

[Event "*** Titled Tuesday Blitz"]
[Site "Chess.com"]
[Date "2020.04.14"]
[Round "2"]
[White "Nesty_Javi_Chess"]
[Black "JMatias"]
[Result "1-0"]
[WhiteElo "2799"]
[BlackElo "2344"]
[TimeControl "180+1"]
[EndTime "10:14:20 PDT"]
[Termination "Nesty_Javi_Chess won by resignation"]

1. e4 e5 2. Nf3 Nc6 3. d4 exd4 4. Bc4 Nf6 5. O-O Nxe4 6. Re1 d5 7. Bxd5 Qxd5 8. Nc3 Qd8 9. Nxe4 Be7 10. Bg5 O-O 11. Bxe7 Qxe7 12. Nxd4 Bd7 13. Qh5 Rae8 14. Nf3 Qb4 15.
Nc5 Rxe1+ 16. Rxe1 Bf5 17. Qxf5 h6 18. Nd3 Qc4 19.
Qc5 Qxa2 20. h4 Qa6 21. Nfe5 Re8 22. Nxc6 Rxe1+ 23. Nxe1 bxc6 24. Nd3 Qa4 25. g3 a5 26. Kh2 Qe4 27. Qxa5 Qc4 28. Qc5 Qe4 29. b3 Qe6 30.
Qe5 Qd7 31. Qe4 g6 32. Kg2 Qd6 33. Ne5 c5 34. Nc4 Qf6 35. Qd5 Qe7 36. Ne5 Kg7 37. Nd3 g5 38. Qxc5 Qd7 39. hxg5 hxg5 40. Qxg5+ 1-0

[Event "*** Titled Tuesday Blitz"]
[Site "Chess.com"]
[Date "2020.04.14"]
[Round "2"]
[White "Fins0905"]
[Black "kikydu96"]
[Result "1-0"]
[WhiteElo "2724"]
[BlackElo "2336"]
[TimeControl "180+1"]
[EndTime "10:14:25 PDT"]
[Termination "Fins0905 won by resignation"]

1. e4 e5 2. Nf3 Nf6 3. Nxe5 d6 4. Nf3 Nxe4 5. Nc3 Nxc3 6. dxc3 Be7 7. Be3 O-O 8. Qd2 Nd7 9. O-O-O Nf6 10. Bd3 c5 11. Kb1 Qa5 12. Rhe1 Be6 13. c4 Qxd2 14. Nxd2 d5 15.
Bg5 Rad8 16. f3 Rfe8 17. cxd5 Nxd5 18. Bxe7 Rxe7 19. Nb3 b6 20. Bb5 Rc8 21. Rxd5 1-0

[Event "*** Titled Tuesday Blitz"]
[Site "Chess.com"]
[Date "2020.04.14"]
[Round "2"]
[White "canwedoit"]
[Black "Zavgorodniy_Serg"]
[Result "0-1"]
[WhiteElo "2518"]
[BlackElo "2725"]
[TimeControl "180+1"]
[EndTime "10:14:26 PDT"]
[Termination "Zavgorodniy_Serg won by resignation"]

1. e4 e5 2. Nf3 d6 3. d4 exd4 4. Nxd4 Nf6 5. Nc3 Be7 6. Bf4 O-O 7. Qd2 c6 8. f3 b5 9. O-O-O b4 10. Nce2 c5 11.
Nf5 Bxf5 12. exf5 d5 13. g4 d4 14. Ng3 Nd5 15. Kb1 Nc6 16. Ne4 Qa5 17. Bg5 Nc3+ 18. bxc3 bxc3 19. Qc1 Rab8+ 20. Ka1 Rb2 21. Bc4 Nb4 22.
Qxb2 cxb2+ 23. Kxb2 Bxg5 24. Nxg5 Nc6 25. Rde1 Qc3+ 0-1